 Dungeon Crawl Stone Soup version 0.21.1 (webtiles) character file.

159 FreshCat the Charmwright (level 5, -1/64 HPs)
             Began as a Gnoll Skald on Feb 4, 2018.
             Slain by Thargor's ghost (3 damage)
             ... on level 3 of the Dungeon.
             The game lasted 00:17:27 (1976 turns).

FreshCat the Charmwright (Gnoll Skald)              Turns: 1976, Time: 00:17:28

Health: -1/64      AC:  3    Str: 19    XL:     5   Next: 40%
Magic:  9/12       EV: 10    Int: 15    God:
Gold:   132        SH: 13    Dex: 18    Spells: 5/14 levels left

rFire    . . .     SeeInvis .   a - +0 mace
rCold    . . .     Gourm    .   t - +0 large shield
rNeg     . . .     Faith    .   b - +0 leather armour
rPois    .         Spirit   .   (no helmet)
rElec    .         Reflect  .   (no cloak)
rCorr    .         Harm     .   (no gloves)
MR       .....                  (no boots)
Stlth    ..........             (no amulet)
HPRegen  0.20/turn              h - +3 ring of dexterity
MPRegen  0.13/turn              (no ring)

@: berserking, infused (expiring), very quick
A: distributed training, fangs 1, strong nose
a: no special abilities


You were on level 3 of the Dungeon.
You were not hungry.

You visited 1 branch of the dungeon, and saw 4 of its levels.

You collected 132 gold pieces.

Inventory:

Hand Weapons
 a - a +0 mace (weapon)
Missiles
 e - 18 sling bullets (quivered)
 g - 47 arrows
 q - 19 stones
Armour
 b - a +0 leather armour (worn)
 t - a +0 large shield (worn)
Jewellery
 h - a +3 ring of dexterity (left hand)
Wands
 r - a wand of polymorph (16)
Scrolls
 k - a scroll of fog {unknown}
 n - a scroll of random uselessness {unknown}
 p - a scroll of identify
Potions
 j - a potion of degeneration {unknown}
 l - a potion of heal wounds {unknown}
 o - a potion of flight {unknown}
 s - a potion of brilliance {unknown}
 u - a potion of haste {unknown}
Books
 c - a book of Battle

   Spells                             Type                      Level
   a - Infusion                       Charms                       1
   b - Shroud of Golubria             Charms/Translocation         2
   c - Song of Slaying                Charms                       2
   d - Spectral Weapon                Hexes/Charms                 3
   e - Regeneration                   Charms/Necromancy            3
Comestibles
 d - 5 rations
 f - a chunk of flesh


   Skills:
 + Level 4.7 Fighting
 + Level 1.4 Short Blades
 + Level 1.4 Long Blades
 + Level 1.4 Axes
 + Level 4.7 Maces & Flails
 + Level 1.4 Polearms
 + Level 1.4 Staves
 + Level 1.4 Slings
 + Level 1.4 Bows
 + Level 1.4 Crossbows
 + Level 1.4 Throwing
 + Level 2.9 Armour
 + Level 4.7 Dodging
 + Level 1.4 Stealth
 + Level 1.4 Shields
 + Level 1.4 Unarmed Combat
 + Level 5.2 Spellcasting
 + Level 1.1 Conjurations
 + Level 1.1 Hexes
 + Level 5.5 Charms
 + Level 1.1 Summonings
 + Level 1.1 Necromancy
 + Level 1.1 Translocations
 + Level 1.1 Transmutations
 + Level 1.1 Fire Magic
 + Level 1.1 Ice Magic
 + Level 1.1 Air Magic
 + Level 1.1 Earth Magic
 + Level 1.1 Poison Magic
 + Level 1.6 Invocations
 + Level 1.4 Evocations


You had 5 spell levels left.
You knew the following spells:

 Your Spells              Type           Power        Failure   Level  Hunger
a - Infusion              Chrm           ###.         38%         1    None
b - Shroud of Golubria    Chrm/Tloc      ##........   83%         2    ##.....
c - Regeneration          Chrm/Necr      ##........   96%         3    ###....
d - Spectral Weapon       Hex/Chrm       ##......     96%         3    ###....


Dungeon Overview and Level Annotations

Branches:
Dungeon (4/15)
 Temple: D:4-7

Altars:
Makhleb

Annotations:
D:3 Thargor's ghost, amateur DDFi


Innate Abilities, Weirdness & Mutations

Your experience applies equally to all skills.
You have very sharp teeth.
Your uncanny sense of smell can sniff out nearby items.


Message History

You hit Thargor's ghost.
Thargor's ghost is moderately damaged.
You block Thargor's ghost's attack. x2
You hit Thargor's ghost.
Thargor's ghost is moderately damaged.
The rat completely misses you. Thargor's ghost hits you!
You hit Thargor's ghost.
Thargor's ghost is heavily damaged.
Your magical infusion is running out.
You block the rat's attack. Thargor's ghost hits you.
The rat barely misses you. Thargor's ghost hits you.
* * * LOW HITPOINT WARNING * * *
You feel better. The rat misses you. Thargor's ghost hits you!
* * * LOW HITPOINT WARNING * * *
It was a potion of berserk rage.
A red film seems to cover your vision as you go berserk!
You feel yourself moving faster!
You feel mighty! You block the rat's attack.
Thargor's ghost says, "You can hit me, but you can't hurt me."
Thargor's ghost hits you.
You die...

##...........##.#
#.#.#. #...........##.#
#.#.#. #...........##.#
#.#.#. #...........##.#
#.#.##
#...........##.###.#.#
#...........'........#
#...........###.##.####
##....r......#
#........
......W@)....#
#..#.####
.....######### #..#.#
... #..#.# . #..#.#
#..#.# #....# #.#..#
#.#..# #.##>#


You could see Thargor's ghost and a rat.

Vanquished Creatures
  A worker ant (D:3)
  7 adders
  An ooze (D:2)
  4 worms
  A dart slug (D:1)
  A leopard gecko (D:2)
  3 orcs (D:3)
  4 giant cockroaches
  6 goblins
  6 hobgoblins
  6 jackals (D:2)
  2 kobolds
  5 bats
  2 frilled lizards
  6 rats
55 creatures vanquished.

Vanquished Creatures (others)
  A spectral weapon (D:3)
1 creature vanquished.

Grand Total: 56 creatures vanquished

Notes
Turn   | Place    | Note
-------+----------+-------------------------------------------
     0 | D:1      | FreshCat the Gnoll Skald began the quest for the Orb.
     0 | D:1      | Reached XP level 1. HP: 20/20 MP: 6/6
   280 | D:1      | Reached XP level 2. HP: 25/26 MP: 4/7
   727 | D:2      | Reached skill level 5 in Spellcasting
   727 | D:2      | Reached XP level 3. HP: 28/31 MP: 4/9
   731 | D:2      | Learned a level 2 spell: Shroud of Golubria
   735 | D:2      | Learned a level 3 spell: Regeneration
   751 | D:2      | Reached skill level 1 in Invocations
   954 | D:2      | Reached skill level 1 in Short Blades
   954 | D:2      | Reached skill level 1 in Long Blades
   954 | D:2      | Reached skill level 1 in Axes
   954 | D:2      | Reached skill level 1 in Polearms
   954 | D:2      | Reached skill level 1 in Staves
   954 | D:2      | Reached skill level 1 in Slings
   954 | D:2      | Reached skill level 1 in Bows
   954 | D:2      | Reached skill level 1 in Crossbows
   954 | D:2      | Reached skill level 1 in Throwing
   954 | D:2      | Reached skill level 1 in Stealth
   954 | D:2      | Reached skill level 1 in Shields
   954 | D:2      | Reached skill level 1 in Unarmed Combat
   954 | D:2      | Reached skill level 1 in Evocations
   954 | D:2      | Reached XP level 4. HP: 21/38 MP: 2/11
  1138 | D:2      | Learned a level 3 spell: Spectral Weapon
  1340 | D:2      | Reached skill level 1 in Conjurations
  1340 | D:2      | Reached skill level 1 in Hexes
  1340 | D:2      | Reached skill level 1 in Summonings
  1340 | D:2      | Reached skill level 1 in Necromancy
  1340 | D:2      | Reached skill level 1 in Translocations
  1340 | D:2      | Reached skill level 1 in Transmutations
  1340 | D:2      | Reached skill level 1 in Fire Magic
  1340 | D:2      | Reached skill level 1 in Ice Magic
  1340 | D:2      | Reached skill level 1 in Air Magic
  1340 | D:2      | Reached skill level 1 in Earth Magic
  1340 | D:2      | Reached skill level 1 in Poison Magic
  1532 | D:3      | Reached XP level 5. HP: 30/43 MP: 5/12
  1886 | D:3      | Found a burning altar of Makhleb.
  1963 | D:3      | Noticed Thargor's ghost (amateur DDFi)
  1975 | D:3      | HP: 1/43 [Thargor's ghost (16)]
  1976 | D:3      | Slain by Thargor's ghost

Skill      XL: |  1  2  3  4 |
---------------+-------------+-----
Spellcasting   | 5 |  5.2
Invocations    | 1 |  1.6
Short Blades   | 1 |  1.4
Long Blades    | 1 |  1.4
Axes           | 1 |  1.4
Polearms       | 1 |  1.4
Staves         | 1 |  1.4
Slings         | 1 |  1.4
Bows           | 1 |  1.4
Crossbows      | 1 |  1.4
Throwing       | 1 |  1.4
Stealth        | 1 |  1.4
Shields        | 1 |  1.4
Unarmed Combat | 1 |  1.4
Evocations     | 1 |  1.4
Conjurations   | 1 |  1.1
Hexes          | 1 |  1.1
Summonings     | 1 |  1.1
Necromancy     | 1 |  1.1
Translocations | 1 |  1.1
Transmutations | 1 |  1.1
Fire Magic     | 1 |  1.1
Ice Magic      | 1 |  1.1
Air Magic      | 1 |  1.1
Earth Magic    | 1 |  1.1
Poison Magic   | 1 |  1.1
Fighting       | |  4.7
Maces & Flails | |  4.7
Armour         | |  2.9
Dodging        | |  4.7
Charms         | |  5.5

Action                   |  1- 3 |  4- 6 || total
-------------------------+-------+-------++-------
Melee: Mace              |    47 |    97 ||   144
       Bite              |     2 |    11 ||    13
 Cast: Infusion          |     9 |    13 ||    22
       Regeneration      |     2 |     1 ||     3
       Spectral Weapon   |       |     1 ||     1
  Use: Potion            |       |     3 ||     3
       Scroll            |       |     2 ||     2
 Stab: Sleeping          |       |     8 ||     8
       Distracted        |       |     1 ||     1
  Eat: Chunk             |       |     4 ||     4
Armor: Leather armour    |    14 |    11 ||    25
Dodge: Dodged            |    34 |    67 ||   101
Block: Large shield      |       |    11 ||    11
